 Dungeon Sprint DCSS version 0.31.0-9-g3a7656b989 (webtiles) character file.

Game seed: 8538010880357517263

998 Heoruswealwe the Spear-Bearer (level 8, -1/82 HPs)
             Began as a Minotaur Fighter on Feb 2, 2024.
             Was an Initiate of Gozag.
             Slain by a two-headed ogre
             ... wielding a +0 giant club
              (10 damage)
             ... in the Dungeon (Sprint IX: "|||||||||||||||||||||||||||||").
             The game lasted 00:01:56 (164 turns).

Heoruswealwe the Spear-Bearer (Minotaur Fighter)     Turns: 164, Time: 00:01:58

Health: -1/82      AC: 16    Str: 24    XL:     8   Next: 0%
Magic:  7/7        EV:  9    Int:  5    God:    Gozag
Gold:   0          SH:  0    Dex:  9    Spells: 7/7 levels left

rFire   . . .        b - +2 halberd (venom)
rCold   . . .        (shield currently unavailable)
rNeg    . . .        c - +1 chain mail
rPois   .            (helmet restricted)
rElec   .            (no cloak)
rCorr   .            f - +0 pair of gloves
SInv    .            e - +0 pair of boots
Will    .....        (no amulet) Stlth
                     (no ring)
HPRegen 0.33/turn    (no ring)
MPRegen 0.10/turn

%: no teleportation
@: gold aura, slowed, very slow
A: horns 2, retaliatory headbutt
a: Renounce Religion, Potion Petition, Call Merchant, Bribe Branch


You were in the Dungeon.
You worshipped Gozag.
Gozag was noncommittal.
You visited 1 branch

Inventory:

Hand Weapons
 a - a +0 trident
 b - a +2 halberd of venom (weapon)
Armour
 c - a +1 chain mail (worn)
 d - a +0 buckler
 e - a +0 pair of boots (worn)
 f - a +0 pair of gloves (worn)
Wands
 h - a wand of acid (10)
Scrolls
 j - 2 scrolls of blinking
Potions
 g - a potion of haste
 i - a potion of berserk rage
 k - a potion of might
 l - 5 potions of curing
 m - a potion of heal wounds


   Skills:
 + Level 11.1 Fighting
 * Level 14.7 Polearms
 + Level 11.1 Armour
 - Level 3.6 Shields


You had 7 spell levels left.
You didn't know any spells.
Your spell library was empty.

Dungeon Overview and Level Annotations

Branches:
Dungeon (1/1)

Altars:
Cheibriados
Dithmenos
Elyvilon
Fedhas
Gozag
Hepliaklqana
Kikubaaqudgha
Makhleb
Nemelex Xobeh
Okawaru
Qazlal
Ru
Sif Muna
Trog
Uskayaw
Vehumet
Wu Jian
Xom
Yredelemnul
Zin
The Shining One
Jiyva
Lugonu


Innate Abilities, Weirdness & Mutations

You have a pair of horns on your head.
You reflexively headbutt those who attack you in melee.


Message History

The two-headed ogre is no longer distracted by gold.
The wraith hits you but does no damage. The wraith closely misses you.
You furiously retaliate!
You headbutt the wraith! You slice the wraith!!
You destroy the wraith!
The centaur is distracted by your dazzling golden aura.
The howler monkey hoots and howls with incredible vigour!
The centaur shouts!
Your Fighting skill increases to level 9!
Your Polearms skill gained 2 levels and is now at level 12!
Your Armour skill increases to level 9!
You feel much better.
The two-headed ogre is no longer distracted by gold.
The two-headed ogre hits you with a +0 giant club!!
The two-headed ogre barely misses you.
You barely miss the two-headed ogre. You headbutt the two-headed ogre!
The two-headed ogre is lightly wounded.
The centaur is no longer distracted by gold.
You puncture the two-headed ogre!
The two-headed ogre is poisoned.
The two-headed ogre is heavily wounded.
The two-headed ogre hits you with a +0 giant club! x2
* * * LOW HITPOINT WARNING * * *
You feel much better. The two-headed ogre barely misses you.
You furiously retaliate!
You headbutt the two-headed ogre!
The two-headed ogre hits you with a +0 giant club!
You impale the two-headed ogre!!
You kill the two-headed ogre!
Your Fighting skill gained 2 levels and is now at level 11!
Your Polearms skill gained 2 levels and is now at level 14!
Your Armour skill gained 2 levels and is now at level 11!
You have reached level 7!
You have reached level 8!
You feel stronger.
You hit the two-headed ogre.
The two-headed ogre is lightly wounded.
The two-headed ogre hits you with a +0 giant club!!
* * * LOW HITPOINT WARNING * * *
The two-headed ogre hits you with a +0 giant spiked club!
You die...
Your body crumbles into a pile of gold. ▓▓▓▓▓▓▓▓▓▓▓▓▓▓▓▓▓▓▓▓▓▓▓▓ _______'!?)[==..@Oc.h... ▓▓▓▓▓▓▓▓▓▓▓▓▓▓▓▓▓▓▓▓▓▓▓▓

You could see a two-headed ogre, a centaur and a howler monkey.

Vanquished Creatures
  A two-headed ogre (D)
  2 wraiths (D)
  A scorpion (D)
  An orc priest (D)
  3 adders (D)
  An endoplasm (D)
  2 goblins (D)
  A bat (D)
  A kobold (D)
13 creatures vanquished.

Notes
Turn   | Place    | Note
-------+----------+-------------------------------------------
     0 | D        | Heoruswealwe the Minotaur Fighter began the quest for the
                  | Orb.
     0 | D        | Reached XP level 1. HP: 19/19 MP: 0/0
     6 | D        | Reached skill level 3 in Polearms
    23 | D        | Noticed a scorpion
    23 | D        | Noticed an orc priest
    29 | D        | Killed a scorpion
    30 | D        | Reached skill level 5 in Fighting
    30 | D        | Reached skill level 6 in Polearms
    30 | D        | Reached skill level 5 in Armour
    30 | D        | Reached XP level 2. HP: 15/30 MP: 1/1
    30 | D        | Reached XP level 3. HP: 19/37 MP: 2/2
    35 | D        | Reached skill level 7 in Polearms
    35 | D        | Reached XP level 4. HP: 23/45 MP: 3/3
    40 | D        | Reached skill level 8 in Polearms
    49 | D        | Found a snail-covered altar of Cheibriados.
    49 | D        | Found a shadowy altar of Dithmenos.
    49 | D        | Found a white marble altar of Elyvilon.
    49 | D        | Found a blossoming altar of Fedhas.
    49 | D        | Found an opulent altar of Gozag.
    50 | D        | Found a hazy altar of Hepliaklqana.
    51 | D        | Found a viscous altar of Jiyva.
    52 | D        | Found an ancient bone altar of Kikubaaqudgha.
    53 | D        | Found a corrupted altar of Lugonu.
    54 | D        | Found a burning altar of Makhleb.
    55 | D        | Found a sparkling altar of Nemelex Xobeh.
    56 | D        | Found an iron altar of Okawaru.
    57 | D        | Became a worshipper of Gozag Ym Sagoz the Greedy
    58 | D        | Found a stormy altar of Qazlal.
    59 | D        | Found a sacrificial altar of Ru.
    60 | D        | Found a shimmering blue altar of Sif Muna.
    61 | D        | Found a bloodstained altar of Trog.
    62 | D        | Found a hide-covered altar of Uskayaw.
    63 | D        | Found a radiant altar of Vehumet.
    64 | D        | Found an ornate altar of the Wu Jian Council.
    65 | D        | Found a shimmering altar of Xom.
    66 | D        | Found a basalt altar of Yredelemnul.
    67 | D        | Found a glowing silver altar of Zin.
    68 | D        | Found a glowing golden altar of the Shining One.
   141 | D        | Noticed a wraith
   141 | D        | Noticed a wraith
   141 | D        | Noticed a two-headed ogre
   141 | D        | Noticed a two-headed ogre
   141 | D        | Noticed a centaur
   152 | D        | Killed a wraith
   153 | D        | Reached skill level 10 in Polearms
   153 | D        | Reached XP level 5. HP: 38/56 MP: 4/4
   153 | D        | Reached XP level 6. HP: 42/62 MP: 5/5
   158 | D        | Killed a wraith
   159 | D        | Reached skill level 12 in Polearms
   163 | D        | Killed a two-headed ogre
   164 | D        | Reached skill level 14 in Polearms
   164 | D        | Reached XP level 7. HP: 30/74 MP: 6/6
   164 | D        | Reached XP level 8. HP: 33/82 MP: 7/7
   164 | D        | Slain by a two-headed ogre

Illustrated notes

Levels and vault maps discovered:
D:        linesprint [early_d, line_temple, items_1, d_10, items_2, lair_1,
          lair_end, items_3, orc_1, orc_end, items_4, d_15, swamp_1, shoals_1,
          snake_1, spider_1, d_20, vaults_1, items_5, swamp_end, shoals_end,
          snake_end, spider_end, vaults_end, d_27, items_6, zot_1, zot_end,
          crypt_end, forest_end, elf_end, slime_end, tomb_end, abyss_end,
          pan_hell_end]

Skill      XL: |  1  2  3  4  5  6 |
---------------+-------------------+-----
Polearms       | 6 7 10 14 | 14.7
Fighting       | 5 6 8 11 | 11.1
Armour         | 5 6 8 11 | 11.1
Shields        | |  3.6

Action                     |  1- 3 |  4- 6 |  7- 9 || total
---------------------------+-------+-------+-------++-------
  Melee: Trident           |    18 |     8 |       ||    26
         Headbutt          |     2 |     4 |       ||     6
         Halberd           |       |    20 |     1 ||    21
    Use: Potion            |       |     2 |       ||     2
 Armour: Scale mail        |     6 |     4 |       ||    10
         Chain mail        |       |    19 |     2 ||    21
  Dodge: Dodged            |     6 |    10 |       ||    16
  Block: Buckler           |     4 |     1 |       ||     5
